[Event "ICCopen2016"]
[Site "Internet Chess Club"]
[Date "2016.06.04"]
[Round "8"]
[White "hhex"]
[Black "eternalwarrior"]
[Result "0-1"]
[ICCResult "White forfeits on time"]
[WhiteElo "1599"]
[BlackElo "1427"]
[Opening "QGA: classical variation"]
[ECO "D26"]
[NIC "QG.03"]
[Time "15:22:12"]
[TimeControl "180+0"]

1. d4 d5 2. c4 dxc4 3. e3 Nf6 4. Bxc4 e6 5. Nf3 c5 6. dxc5 Qxd1+ 7. Kxd1
Bxc5 8. Nc3 a6 9. Ke2 b5 10. Bd3 Bb7 11. Rd1 Nc6 12. a3 Ke7 13. b4 Bb6 14.
Bb2 Rhd8 15. Rac1 Rac8 16. Ng5 h6 17. Nge4 Ne5 18. Nxf6 Nxd3 19. Rxd3 Rxd3
20. Kxd3 gxf6 21. f3 f5 22. Ne2 Rd8+ 23. Kc2 Bxe3 24. Rd1 Rxd1 25. Kxd1 Bd5
26. Nd4 Bxd4 27. Bxd4 f6 28. Kd2 e5 29. Bc5+ Ke6 30. Ke3 f4+ 31. Kd3 h5 32.
h4 Bb3 33. Bf8 Bd5 34. Bc5 Kf5 35. Be7 Ke6 36. Bd8 Bc6 37. Bb6 Bd5 38. Bc5
Bc4+ {White forfeits on time} 0-1

[Event "ICCopen2016"]
[Site "Internet Chess Club"]
[Date "2016.06.04"]
[Round "8"]
[White "Eros"]
[Black "gannikus1992"]
[Result "1-0"]
[ICCResult "Black forfeits on time"]
[WhiteElo "2726"]
[BlackElo "2231"]
[Opening "Sicilian: Canal-Sokolsky (Nimzovich-Rossolimo, Moscow) attack"]
[ECO "B51"]
[NIC "SI.01"]
[Time "15:21:55"]
[TimeControl "180+0"]

1. e4 c5 2. Nf3 d6 3. Bb5+ Nd7 4. O-O a6 5. Bd3 Ngf6 6. Re1 Qc7 7. a4 g6 8.
Bf1 Bg7 9. c3 O-O 10. d4 e5 11. d5 Nh5 12. a5 Ndf6 13. Nbd2 Bd7 14. Nc4 Ne8
15. Nb6 Rd8 16. b4 cxb4 17. cxb4 f5 18. Bg5 Nhf6 19. Rc1 Qb8 20. Nxd7 Rxd7
21. exf5 gxf5 22. Nh4 Ne4 23. Be3 Qd8 24. g3 Ng5 25. Qh5 f4 26. Bb6 Qf6 27.
Rc8 Nf7 28. Bh3 Re7 29. Be6 Rxe6 30. dxe6 Qxe6 31. Rb8 fxg3 32. hxg3 Nf6 33.
Qf5 Qxf5 34. Rxf8+ Bxf8 35. Nxf5 d5 36. Bc5 d4 37. f4 d3 38. fxe5 Nd5 39. e6
Bxc5+ 40. bxc5 Ng5 41. e7 Nxe7 42. Rxe7 Nf3+ 43. Kf2 d2 44. Rd7 Ne5 45. Rxd2
Kf7 46. Rd6 Nc4 47. Kf3 Nxd6 48. Nxd6+ Ke6 49. Nxb7 Kd5 50. Kf4 Kc6 51. Ke5
Kxb7 52. Kd6 Kc8 53. Kc6 Kb8 54. g4 Kc8 55. g5 Kb8 56. Kd7 Ka7 57. c6 Kb8
58. c7+ Ka7 59. c8=Q h6 60. Kc6 {Black forfeits on time} 1-0

[Event "ICCopen2016"]
[Site "Internet Chess Club"]
[Date "2016.06.04"]
[Round "8"]
[White "marwan100"]
[Black "Peaceful-Death"]
[Result "1-0"]
[ICCResult "Black checkmated"]
[WhiteElo "1590"]
[BlackElo "1778"]
[Opening "Queen's pawn game"]
[ECO "D05"]
[NIC "QP.06"]
[Time "15:22:04"]
[TimeControl "180+0"]

1. d4 Nf6 2. Nf3 e6 3. e3 d5 4. b3 c6 5. Bb2 Nbd7 6. Bd3 Bd6 7. O-O a5 8.
Nbd2 b5 9. Ne5 Bb7 10. f4 a4 11. a3 axb3 12. cxb3 Qc7 13. Qf3 h5 14. e4 dxe4
15. Nxe4 Be7 16. f5 exf5 17. Qxf5 O-O 18. Nxd7 Nxd7 19. Qxh5 g6 20. Qh6 Rfd8
21. d5 Ne5 22. Rf3 Bc8 23. Raf1 Qb6+ 24. Kh1 Bf5 25. Rxf5 gxf5 26. Rxf5 Qe3
27. Qxe3 Nxd3 28. Qg3+ Kf8 29. Qxd3 Ke8 30. Nf6+ Bxf6 31. Rxf6 Rxd5 32. Qe4+
Kf8 33. Qh7 Rad8 34. Qxf7# {Black checkmated} 1-0

[Event "ICCopen2016"]
[Site "Internet Chess Club"]
[Date "2016.06.04"]
[Round "8"]
[White "GolfPro"]
[Black "goran-esyu"]
[Result "1-0"]
[ICCResult "Black checkmated"]
[WhiteElo "1805"]
[BlackElo "2194"]
[Opening "Nimzo-Indian: Sämisch variation"]
[ECO "E24"]
[NIC "NI.19"]
[Time "15:21:46"]
[TimeControl "180+0"]

1. d4 Nf6 2. c4 e6 3. Nc3 Bb4 4. a3 Bxc3+ 5. bxc3 c5 6. Nf3 O-O 7. Qc2 Nc6
8. e4 Qa5 9. Bd2 d5 10. cxd5 exd5 11. e5 Ne4 12. Bd3 cxd4 13. cxd4 Nxd2 14.
Qxd2 Qxd2+ 15. Kxd2 Bg4 16. Ke3 f6 17. Rhb1 b6 18. Bb5 Na5 19. Nd2 fxe5 20.
dxe5 d4+ 21. Kxd4 Rxf2 22. Bc4+ Kh8 23. Ne4 Rxg2 24. Rg1 Rd8+ 25. Nd6 Rxg1
26. Rxg1 Bh5 27. Kc3 Nxc4 28. Kxc4 h6 29. Rg3 Kh7 30. Kd5 Be8 31. Ke6 Bg6
32. Ke7 Rb8 33. h4 b5 34. e6 a5 35. Kd7 b4 36. axb4 Rxb4 37. e7 Rxh4 38.
e8=Q Bxe8+ 39. Nxe8 a4 40. Rxg7+ Kh8 41. Rg3 Rd4+ 42. Kc6 h5 43. Nf6 h4 44.
Rg8# {Black checkmated} 1-0

[Event "ICCopen2016"]
[Site "Internet Chess Club"]
[Date "2016.06.04"]
[Round "8"]
[White "ShadowLike"]
[Black "akibael"]
[Result "1-0"]
[ICCResult "Black forfeits on time"]
[WhiteElo "1976"]
[BlackElo "2228"]
[Opening "Sicilian: Smith-Morra gambit"]
[ECO "B21"]
[NIC "SI.48"]
[Time "15:22:19"]
[TimeControl "180+0"]

1. e4 c5 2. d4 cxd4 3. c3 dxc3 4. Nxc3 e6 5. Nf3 Bb4 6. Bd2 Ne7 7. Bd3 d5 8.
e5 Nbc6 9. O-O Ng6 10. Qe2 Bxc3 11. Bxc3 Nf4 12. Qe3 Nxd3 13. Qxd3 O-O 14.
h4 h6 15. Rad1 Bd7 16. g4 Ne7 17. Rfe1 Rc8 18. h5 Rc4 19. Nd4 Nc6 20. Qg3
Nxd4 21. Bxd4 Qa5 22. f4 Qb4 23. Qe3 Rfc8 24. g5 Rc2 25. gxh6 gxh6 26. f5
exf5 27. e6 Bxe6 28. Qxh6 f6 29. Qxf6 Qf8 30. Qxe6+ Qf7 31. Qe5 Kh7 32. Re3
Rg8+ 33. Kf1 Qxh5 34. Qe7+ Kh6 35. Re6+ Rg6 36. Qg7+ Kg5 37. Rxg6+ Qxg6 38.
Qxg6+ {Black forfeits on time} 1-0

[Event "ICCopen2016"]
[Site "Internet Chess Club"]
[Date "2016.06.04"]
[Round "8"]
[White "Badigo"]
[Black "yucatan3000"]
[Result "0-1"]
[ICCResult "White forfeits on time"]
[WhiteElo "2160"]
[BlackElo "1844"]
[Opening "Philidor: exchange variation"]
[ECO "C41"]
[NIC "KP.08"]
[Time "15:21:35"]
[TimeControl "180+0"]

1. e4 e5 2. Nf3 d6 3. d4 exd4 4. Nxd4 Nf6 5. Nc3 Be7 6. g3 O-O 7. Bg2 Nc6 8.
O-O Bd7 9. h3 Nxd4 10. Qxd4 Bc6 11. Bf4 Nd7 12. Rad1 Bf6 13. Qe3 Re8 14. h4
Bxc3 15. Qxc3 Bxe4 16. Bh3 Nb6 17. Qb3 h5 18. c4 Qf6 19. Rfe1 Qg6 20. Qc3
Bc2 21. Rc1 Bd3 22. b3 Bf5 23. Bg2 Be4 24. Bf1 Nd7 25. Qd4 Bc6 26. b4 b6 27.
Bd3 Qg4 28. Re3 Rxe3 29. Qxe3 Qe6 30. Qxe6 fxe6 31. Re1 e5 32. Bg5 Rf8 33.
f4 exf4 34. gxf4 Nf6 35. Bg6 Be8 36. Bf5 Bd7 37. Bxd7 Nxd7 38. Re7 Rf7 39.
Re8+ Kh7 40. Ra8 a5 41. bxa5 bxa5 42. Rxa5 Nc5 43. Ra7 Kg6 44. Kg2 Ne6 45.
Kg3 Kf5 46. Ra5+ Kg6 47. a4 Rf8 48. Ra7 Rb8 49. a5 Rb4 50. Kf2 Rxc4 51. Ra8
Ra4 52. a6 Ra2+ 53. Ke3 Nc5 54. a7 Ra3+ 55. Kd4 Nd7 56. Rd8 Nb6 57. Rf8 Ra4+
58. Ke3 Rxa7 59. f5+ Kh7 60. f6 Nd5+ 61. Ke4 Nxf6+ 62. Kf5 Nd7 63. Rd8 Ra5+
64. Ke6 Nc5+ 65. Kf7 Ra7 66. Rb8 c6+ 67. Kf8 Nd7+ 68. Ke8 Nxb8 69. Be7 Ra8
70. Bxd6 Na6+ 71. Kf7 Nc5 72. Be7 Nd7 73. Bd6 Ne5+ 74. Bxe5 c5 75. Bc3 c4
76. Bxg7 Ra7+ {White forfeits on time} 0-1

[Event "ICCopen2016"]
[Site "Internet Chess Club"]
[Date "2016.06.04"]
[Round "8"]
[White "oskarito"]
[Black "searchforbobby1"]
[Result "1-0"]
[ICCResult "Black checkmated"]
[WhiteElo "2422"]
[BlackElo "2105"]
[Opening "English opening"]
[ECO "A13"]
[NIC "EO.64"]
[Time "15:22:57"]
[TimeControl "180+0"]

1. c4 e6 2. g3 f5 3. Bg2 Nf6 4. Nc3 d5 5. cxd5 exd5 6. Nf3 c6 7. O-O Bc5 8.
d3 O-O 9. e4 d4 10. Na4 Be7 11. e5 Ng4 12. h3 Nh6 13. Bxh6 gxh6 14. b4 Be6
15. Nc5 Bd5 16. Qd2 b6 17. Nb3 c5 18. bxc5 bxc5 19. Qxh6 Qb6 20. Qh5 Qg6 21.
Qxg6+ hxg6 22. Na5 Nd7 23. Rab1 Rab8 24. Nc4 Bxc4 25. dxc4 Nb6 26. Nd2 f4
27. Bd5+ Kg7 28. Kg2 Rf5 29. Nf3 Rbf8 30. g4 R5f7 31. Bxf7 Kxf7 32. Nd2 Ke6
33. Rfe1 Rd8 34. Kf3 Rd7 35. Kxf4 d3 36. Kg3 g5 37. Re4 Na4 38. Rb3 Nb6 39.
h4 gxh4+ 40. Kh3 Bg5 41. f4 Be7 42. f5+ Kf7 43. e6+ Ke8 44. exd7+ Kxd7 45.
Rxd3+ Kc6 46. Rxe7 Na4 47. Re6+ Kb7 48. Ra3 Nb6 49. Rxb6+ axb6 50. Kxh4 Kc6
51. f6 b5 52. Rb3 b4 53. a3 bxa3 54. Rxa3 Kd7 55. Rb3 Ke6 56. Rb5 Kxf6 57.
Rxc5 Ke6 58. Rd5 Ke7 59. Kg3 Ke6 60. Kf4 Ke7 61. Ke4 Ke6 62. g5 Kf7 63. Kf5
Ke7 64. g6 Kf8 65. Kf6 Ke8 66. Rd4 Kf8 67. Nf3 Ke8 68. Ng5 Kf8 69. Nh7+ Ke8
70. Ng5 Kf8 71. Rd8# {Black checkmated} 1-0

[Event "ICCopen2016"]
[Site "Internet Chess Club"]
[Date "2016.06.04"]
[Round "8"]
[White "blackending"]
[Black "nadalthegreat"]
[Result "0-1"]
[ICCResult "White forfeits on time"]
[WhiteElo "1685"]
[BlackElo "1905"]
[Opening "Scandinavian (center counter) defense"]
[ECO "B01"]
[NIC "VO.17"]
[Time "15:22:17"]
[TimeControl "180+0"]

1. e4 d5 2. e5 Nc6 3. d4 f6 4. f4 g6 5. c3 Bg7 6. Nf3 Bf5 7. Bd3 Qd7 8. O-O
O-O-O 9. Bxf5 Qxf5 10. Be3 Qe4 11. Qe2 Bh6 12. Nbd2 Qf5 13. Nh4 Qd7 14. Rae1
f5 15. Nhf3 e6 16. c4 Nge7 17. cxd5 Nxd5 18. g3 Nxe3 19. Qxe3 Nxd4 20. Nxd4
Qxd4 21. Qxd4 Rxd4 22. Nb3 Rd3 23. Rc1 b6 24. Rfd1 Rhd8 25. Rxd3 Rxd3 26.
Kf2 g5 27. Ke2 Rd5 28. Rf1 c5 29. Nd2 gxf4 30. gxf4 Rd4 31. Ke3 Rd7 32. Nc4
Rg7 33. Nd6+ Kc7 34. Ne8+ Kd7 35. Nxg7 Bxg7 36. Rg1 Bh6 37. Rg8 Ke7 38. Kf3
Bf8 39. Rh8 h6 40. Rh7+ Kd8 41. Rxa7 b5 42. Rb7 b4 43. Rb8+ Ke7 44. Rb6 Kf7
45. Rc6 Be7 46. b3 h5 47. h3 h4 48. Rc8 Kg7 49. Re8 Kf7 50. Rc8 Bf8 51. Rc7+
Kg8 52. Rc8 Kg7 53. Rc7+ Kh6 54. Rc8 Bg7 55. Re8 Kg6 56. Rxe6+ Kf7 57. Rc6
Bf8 58. Rc7+ Kg8 {White forfeits on time} 0-1

[Event "ICCopen2016"]
[Site "Internet Chess Club"]
[Date "2016.06.04"]
[Round "8"]
[White "daskapitallesen"]
[Black "lmenezes"]
[Result "1-0"]
[ICCResult "Black forfeits on time"]
[WhiteElo "1779"]
[BlackElo "1582"]
[Opening "QGD: Chigorin defense"]
[ECO "D07"]
[NIC "QP.08"]
[Time "15:22:31"]
[TimeControl "180+0"]

1. d4 d5 2. c4 Nc6 3. cxd5 Qxd5 4. e3 e5 5. Nc3 Bb4 6. Bd2 Bxc3 7. bxc3 Qd6
8. c4 exd4 9. Nf3 dxe3 10. Bxe3 Qxd1+ 11. Rxd1 Nf6 12. Be2 Bg4 13. h3 Bf5
14. Bf4 Rc8 15. O-O O-O 16. g4 Be4 17. Ng5 Bg6 18. Nf3 h6 19. Rfe1 Nb4 20.
Rd2 c5 21. Nh4 Be4 22. f3 Bc6 23. Nf5 Rcd8 24. Red1 Rxd2 25. Rxd2 Re8 26.
Kf2 Re6 27. Bg3 Kh7 28. Nd6 Kg8 29. f4 Ne4+ 30. Nxe4 Rxe4 31. Bf3 Rxc4 32.
Rd8+ Kh7 33. Rd2 Bxf3 34. Kxf3 Rc3+ 35. Kf2 Rc2 36. Rxc2 Nxc2 37. Ke2 Nb4
38. Kd2 Nxa2 39. Kc2 Nb4+ 40. Kb3 Nd5 41. Kc4 Ne3+ 42. Kxc5
{Black forfeits on time}
1-0

[Event "ICCopen2016"]
[Site "Internet Chess Club"]
[Date "2016.06.04"]
[Round "8"]
[White "K4"]
[Black "FlashGordon"]
[Result "0-1"]
[ICCResult "White resigns"]
[WhiteElo "1251"]
[BlackElo "1355"]
[Opening "Benoni: classical with e4 and Nf3"]
[ECO "A70"]
[NIC "QP.07"]
[Time "15:22:27"]
[TimeControl "180+0"]

1. d4 Nf6 2. c4 e6 3. Nc3 c5 4. d5 exd5 5. cxd5 d6 6. e4 g6 7. Nf3 a6 8. Bd3
b5 9. O-O Bg7 10. b3 b4 11. Ne2 Nxe4 12. Rb1 Nc3 13. Qc2 Nxb1 14. Qxb1 O-O
15. Bb2 Bg4 16. Bxg7 Kxg7 17. Qb2+ Qf6 18. Qxf6+ Kxf6 19. h3 Bxf3 20. gxf3
Nd7 21. Nf4 Rfe8 22. Kh2 Ne5 23. Kg3 Nxd3 24. Nxd3 Re2 25. Nc1 Re5 26. Kf4
Rxd5 27. Re1 Re5 28. Rd1 Rd8 29. Nd3 Re2 30. Nc1 Rc2 31. Nd3 Rxa2 32. Rb1
Re8 33. Kg3 Ree2 34. Rf1 h5 35. h4 Red2 36. Nf4 Rab2 37. Ne2 Rxe2 38. f4
Rxb3+ 39. Kg2 a5 40. Kh2 Rbb2 41. Kg2 Rxf2+ 42. Rxf2 Rxf2+ 43. Kxf2 a4 44.
Ke2 a3 45. Kd2 a2 46. Kc2 a1=Q 47. Kd3 Qa3+ 48. Ke4 b3 49. Kd5 Qa2 50. Kc6
b2 51. Kxd6 b1=Q 52. Kxc5 Qd2 53. Kc6 Qbc2+ 54. Kb7 Qdc3 55. Kb6 Q2b2+
{White resigns}
0-1

[Event "ICCopen2016"]
[Site "Internet Chess Club"]
[Date "2016.06.04"]
[Round "8"]
[White "d13gocr"]
[Black "SIRPALADIN"]
[Result "0-1"]
[ICCResult "White forfeits on time"]
[WhiteElo "1760"]
[BlackElo "1914"]
[Opening "Sicilian: Hungarian variation"]
[ECO "B27"]
[NIC "SI.43"]
[Time "15:22:18"]
[TimeControl "180+0"]

1. e4 c5 2. Nf3 g6 3. d3 Nc6 4. g3 Bg7 5. Bg2 Rb8 6. O-O d6 7. Nbd2 Nf6 8.
h3 O-O 9. Nh2 h6 10. f4 e5 11. Ndf3 Nh5 12. Qe1 Nd4 13. Qf2 b5 14. c3 Nc6
15. g4 Nxf4 16. d4 Nd3 17. Qe3 Nxc1 18. Raxc1 exd4 19. cxd4 cxd4 20. Qd2 Bb7
21. Rfd1 Qb6 22. Kh1 Rfe8 23. Ne1 Na5 24. b3 Bxe4 25. Nhf3 d5 26. Nd3 Nc6
27. Nc5 Rbd8 28. Qf4 Bxf3 29. Bxf3 Ne5 30. Bg2 Rc8 31. b4 Nc4 32. Nd7 Qe6
33. Nc5 Qe3 34. Rf1 Qxf4 35. Rxf4 Ne3 36. Re1 Nxg2 37. Rxe8+ Rxe8 38. Kxg2
Re2+ 39. Kf3 Rxa2 40. Nd7 Ra3+ 41. Ke2 d3+ 42. Kd2 g5 43. Nf6+ Bxf6 44. Rxf6
Kg7 45. Rd6 Rb3 46. Rxd5 Rxb4 47. Rxd3 a5 48. Kc3 Rc4+ 49. Kb3 a4+
{White forfeits on time}
0-1

[Event "ICCopen2016"]
[Site "Internet Chess Club"]
[Date "2016.06.04"]
[Round "8"]
[White "airantrobo"]
[Black "LordofSwords"]
[Result "1-0"]
[ICCResult "Black forfeits on time"]
[WhiteElo "1607"]
[BlackElo "2098"]
[Opening "Benoni: fianchetto variation"]
[ECO "A62"]
[NIC "BI.23"]
[Time "15:22:16"]
[TimeControl "180+0"]

1. d4 Nf6 2. c4 c5 3. d5 e6 4. Nc3 exd5 5. cxd5 d6 6. Nf3 g6 7. g3 Bg7 8.
Bg2 O-O 9. O-O Re8 10. Be3 a6 11. a4 Nbd7 12. Nd2 Ne5 13. Bf4 Nh5 14. Bxe5
Bxe5 15. Nc4 Bg7 16. Rc1 Nf6 17. a5 Bf5 18. Re1 Ne4 19. Nxe4 Bxe4 20. Bxe4
Rxe4 21. Qd3 Rd4 22. Qb3 Qe7 23. Nb6 Re8 24. e3 Rb4 25. Qd3 Rxb2 26. Rb1
Rxb1 27. Rxb1 Qf6 28. Nc4 Qe7 29. Rd1 Bf8 30. Kg2 Qe4+ 31. Qxe4 Rxe4 32. Nb6
Bg7 33. Kf3 Rb4 34. Nc8 Bf8 35. Ra1 Rb5 36. Nb6 Bg7 37. Ra2 Rb4 38. Nc8 c4
39. Nxd6 c3 40. Rc2 Rb2 41. Rc1 c2 42. Nc4 Ra2 43. e4 Bd4 44. Ne3 Bxe3 45.
fxe3 Kf8 46. e5 Ke7 47. Kf4 Kd7 48. e4 h6 49. h4 h5 50. Kg5 Rxa5 51. Kf6 Rc5
52. Kxf7 Rc4 53. Kxg6 b5 54. Kxh5 b4 55. e6+ Kd6 56. Kg6 b3 57. Kf7 b2 58.
Rxc2 Rxc2 59. e7 Rc7 60. e5+ Kxe5 61. Kf8 Rxe7 62. Kxe7 b1=Q 63. h5 Qb4+ 64.
Kf7 Qd6 65. Kg8 Qxd5+ 66. Kh7 Ke4 67. Kg6 Qe6+ 68. Kg7 Kf3 69. Kh7
{Black forfeits on time}
1-0

[Event "ICCopen2016"]
[Site "Internet Chess Club"]
[Date "2016.06.04"]
[Round "8"]
[White "Svinotigr"]
[Black "rajiva"]
[Result "1-0"]
[ICCResult "Black checkmated"]
[WhiteElo "1646"]
[BlackElo "1371"]
[Opening "Réti: old Indian attack"]
[ECO "A06"]
[NIC "QP.09"]
[Time "15:22:33"]
[TimeControl "180+0"]

1. Nf3 d5 2. d3 Nc6 3. Nbd2 e5 4. e4 d4 5. g3 f6 6. h4 Be6 7. Bg2 Qd7 8. O-O
O-O-O 9. a3 Bd6 10. Re1 Nge7 11. Nf1 h5 12. N1h2 Rdg8 13. Bd2 g5 14. Rf1
gxh4 15. Nxh4 Bh3 16. b4 Bxg2 17. Kxg2 Ng6 18. Nf5 Nce7 19. Nxe7+ Qxe7 20.
Nf3 h4 21. Rh1 h3+ 22. Kh2 Rf8 23. Qe2 f5 24. Bg5 Qe6 25. Bh4 f4 26. Rac1
fxg3+ 27. fxg3 Rf7 28. Ng5 Qd7 29. Nxf7 Qxf7 30. Rcf1 Qd7 31. Bg5 Be7 32.
Bxe7 Qxe7 33. Qg4+ Kb8 34. Qxg6 b6 35. Rf7 Qe8 36. Rhf1 Kb7 37. Qg7 Qc6 38.
Qxh8 Qxc2+ 39. R1f2 Qxd3 40. Qxe5 Qe3 41. Qd5+ Ka6 42. Qc4+ b5 43. Qc6#
{Black checkmated}
1-0

[Event "ICCopen2016"]
[Site "Internet Chess Club"]
[Date "2016.06.04"]
[Round "8"]
[White "plotkin"]
[Black "motipen"]
[Result "0-1"]
[ICCResult "White checkmated"]
[WhiteElo "2311"]
[BlackElo "1891"]
[Opening "Pirc: Austrian attack, 6.e5"]
[ECO "B09"]
[NIC "PU.06"]
[Time "15:22:29"]
[TimeControl "180+0"]

1. e4 d6 2. d4 Nf6 3. Nc3 g6 4. f4 Bg7 5. Nf3 O-O 6. e5 Nfd7 7. Bc4 Nb6 8.
Bb3 c5 9. dxc5 dxc5 10. Qe2 Bg4 11. a4 Nc6 12. a5 Nd4 13. Nxd4 Bxe2 14.
Ndxe2 Nc8 15. Be3 b6 16. a6 e6 17. O-O Ne7 18. Rfd1 Qc8 19. Ne4 Nd5 20. Rxd5
exd5 21. Bxd5 Qg4 22. N2c3 Rad8 23. Nd6 Rxd6 24. exd6 Bxc3 25. bxc3 Rd8 26.
Bf3 Qf5 27. Rd1 Qxc2 28. Rd2 Qxc3 29. Kf2 Qf6 30. d7 Qe6 31. h3 Rxd7 32. Re2
Qb3 33. g4 c4 34. f5 c3 35. Bh6 Rd8 36. fxg6 hxg6 37. Be4 Re8 38. h4 Rxe4
39. Rxe4 c2 40. Re1 Qc3 41. Bg5 b5 42. h5 gxh5 43. gxh5 b4 44. h6 b3 45. Rh1
Kh7 46. Be3 b2 47. Rg1 c1=Q 48. Rg7+ Kh8 49. Bxc1 bxc1=Q 50. Rxf7 Q1e1+ 51.
Kg2 Qcd2+ 52. Kh3 Qee3+ 53. Kg4 Qdd4+ 54. Kf5 Qee5+ 55. Kg6 Qg4#
{White checkmated}
0-1

[Event "ICCopen2016"]
[Site "Internet Chess Club"]
[Date "2016.06.04"]
[Round "8"]
[White "HungryFarseer"]
[Black "Rammstein"]
[Result "0-1"]
[ICCResult "White forfeits on time"]
[WhiteElo "1768"]
[BlackElo "2143"]
[Opening "King's Indian defense"]
[ECO "E60"]
[NIC "KI.80"]
[Time "15:21:50"]
[TimeControl "180+0"]

1. d4 Nf6 2. c4 g6 3. f3 c5 4. d5 Bg7 5. Nc3 O-O 6. e4 d6 7. Be3 e6 8. Nge2
a6 9. a4 exd5 10. cxd5 Nbd7 11. Ng3 Re8 12. Be2 b6 13. O-O Rb8 14. Qd2 Qc7
15. Rfc1 Ne5 16. h3 Qe7 17. Re1 h5 18. Bg5 Qc7 19. Rec1 Nh7 20. Be3 Qe7 21.
f4 Nd7 22. Re1 Bb7 23. Bf3 Rbc8 24. Bf2 c4 25. Rad1 Nc5 26. f5 Nb3 27. Qc2
Be5 28. Nf1 Qd8 29. Ne2 Ng5 30. Nd4 Nxd4 31. Bxd4 Nxf3+ 32. gxf3 Bxd4+ 33.
Rxd4 Qf6 34. Rxc4 b5 35. Rxc8 Rxc8 36. Qg2 Kg7 37. Ne3 bxa4 38. fxg6 fxg6
39. Nf5+ Kh7 40. Ne3 Rf8 41. Rf1 Bc8 42. Kh1 Qh4 43. Kh2 Rf6 44. Qg3 Qxg3+
45. Kxg3 h4+ 46. Kg2 g5 47. Ra1 Bd7 48. Rc1 Rf7 49. Rc7 Kg6 50. Rc3 Re7 51.
Ng4 Bxg4 52. hxg4 Rb7 53. Kh3 Rxb2 54. f4 Rb3 55. f5+ Kf6 56. Rxb3 Ke5 57.
Kg2 axb3 58. Kf1 b2 59. Ke2 b1=Q 60. Kd2 Qxe4 {White forfeits on time} 0-1

[Event "ICCopen2016"]
[Site "Internet Chess Club"]
[Date "2016.06.04"]
[Round "8"]
[White "dafresh"]
[Black "nevidimka"]
[Result "0-1"]
[ICCResult "White forfeits on time"]
[WhiteElo "2194"]
[BlackElo "2039"]
[Opening "Budapest: Fajarowicz variation"]
[ECO "A51"]
[NIC "QG.01"]
[Time "15:22:29"]
[TimeControl "180+0"]

1. d4 Nf6 2. c4 e5 3. dxe5 Ne4 4. a3 d6 5. Qc2 Nc5 6. Nf3 Nc6 7. Bg5 Nd4 8.
Qd2 Nxf3+ 9. exf3 Be7 10. Bxe7 Qxe7 11. Qe3 Qxe5 12. Nc3 O-O 13. Qxe5 dxe5
14. O-O-O a5 15. Nd5 Na6 16. g3 Be6 17. Bg2 c6 18. Nb6 Rad8 19. Rxd8 Rxd8
20. Re1 Nc5 21. Re3 f6 22. f4 exf4 23. gxf4 Bf5 24. Bf1 Kf8 25. Be2 h6 26.
b4 axb4 27. axb4 Na6 28. b5 Nc5 29. bxc6 bxc6 30. f3 Rd4 31. Ra3 Rxf4 32.
Ra8+ Kf7 33. Ra7+ Kg8 34. Rc7 Rh4 35. Rxc6 Nb3+ 36. Kb2 Nd4 37. Rc5 Rxh2 38.
Ka3 Rxe2 39. Rd5 Rd2 40. c5 Nc2+ 41. Kb3 Rxd5 42. Nxd5 Nd4+ 43. Kc4 Nxf3 44.
Ne7+ Kf7 45. Nxf5 Ke6 46. Nxg7+ Ke5 47. c6 Kd6 48. Kb5 Ne5 49. Ne8+ Ke7 50.
c7 Kxe8 51. c8=Q+ Kf7 52. Qf5 Kg7 53. Kc5 Ng6 54. Kd6 Ne5 55. Ke6 Nd7 56.
Kxd7 Kf7 57. Kd6 h5 58. Kd7 h4 59. Qe6+ Kg6 60. Qh3 Kh5 61. Ke6 Kg5 62.
Qxh4+ Kg6 {White forfeits on time} 0-1

[Event "ICCopen2016"]
[Site "Internet Chess Club"]
[Date "2016.06.04"]
[Round "8"]
[White "waynerooney"]
[Black "ol4ik"]
[Result "1-0"]
[ICCResult "Black checkmated"]
[WhiteElo "1973"]
[BlackElo "2202"]
[Opening "Sicilian: closed"]
[ECO "B23"]
[NIC "SI.44"]
[Time "15:22:32"]
[TimeControl "180+0"]

1. e4 c5 2. Nc3 a6 3. f4 b5 4. g3 Bb7 5. Bg2 g6 6. d3 Bg7 7. Be3 d6 8. Rb1
Nc6 9. Nf3 e6 10. O-O Nge7 11. Nh4 O-O 12. Qd2 f5 13. Rbe1 Nd4 14. Nd1 fxe4
15. dxe4 e5 16. c3 Ne6 17. Bh3 Nc7 18. Nf2 Nc6 19. Rd1 exf4 20. Bxf4 Ne5 21.
Ng4 Nxg4 22. Bxg4 Bxe4 23. Qxd6 Qxd6 24. Bxd6 Rxf1+ 25. Rxf1 Nd5 26. Re1 Nf6
27. Be6+ Kh8 28. Bxc5 Re8 29. Bf7 Rc8 30. Bd4 Bd3 31. Re3 Bb1 32. Re7 Rf8
33. Nf3 Nh5 34. Ng5 Bxd4+ 35. cxd4 Ng7 36. d5 Nf5 37. Ra7 Bxa2 38. Rxa6 Nd4
39. Rxa2 Ne2+ 40. Kf2 Nc1 41. Ra1 Nd3+ 42. Ke3 Nxb2 43. Rb1 Nc4+ 44. Kd4 Nd6
45. Be6 Nf5+ 46. Bxf5 gxf5 47. Ne6 Rf7 48. Ke5 h5 49. d6 Kh7 50. Rd1 Rd7 51.
Nc5 Kg6 52. Nxd7 f4 53. Nb8 Kg5 54. gxf4+ Kg4 55. Rd5 Kf3 56. Rxb5 h4 57. d7
Kg4 58. d8=Q h3 59. Qd1+ Kh4 60. Qg1 Kh5 61. Rb3 Kh4 62. Rg3 Kh5 63. Rxh3#
{Black checkmated}
1-0

[Event "ICCopen2016"]
[Site "Internet Chess Club"]
[Date "2016.06.04"]
[Round "8"]
[White "LittleMaster"]
[Black "VisualEYES"]
[Result "1-0"]
[ICCResult "Black resigns"]
[WhiteElo "2350"]
[BlackElo "2030"]
[Opening "Pirc defense"]
[ECO "B07"]
[NIC "PU.08"]
[Time "15:22:33"]
[TimeControl "180+0"]

1. e4 d6 2. d4 Nf6 3. Bd3 e5 4. c3 d5 5. exd5 Qxd5 6. dxe5 Qxg2 7. Qf3 Qxf3
8. Nxf3 Bg4 9. Nd4 Nfd7 10. f3 Nxe5 11. Bb5+ Bd7 12. f4 Nf3+ 13. Nxf3 Bxb5
14. Nd4 Bd7 15. Kf2 c5 16. Re1+ Be7 17. Nf3 Kf8 18. Nbd2 Nc6 19. Ne4 h6 20.
Be3 b6 21. Rad1 Bf5 22. Nd6 Bg4 23. Kg3 Bxf3 24. Kxf3 Rd8 25. Nf5 Rxd1 26.
Rxd1 g6 27. Ng3 Ke8 28. f5 Ne5+ 29. Ke4 Ng4 30. Bg1 Nf6+ 31. Ke5 h5 32. fxg6
fxg6 33. Ne2 Ng4+ 34. Kd5 Kf7 35. Kc6 Rc8+ 36. Kb7 Re8 37. Kxa7 b5 38. Rf1+
Kg8 39. Nf4 Ne5 40. Nd5 Kg7 41. Kb6 Nc4+ 42. Kxb5 Nxb2 43. Nxe7 Rxe7 44.
Bxc5 Re5 45. Kc6 Re2 46. Bd4+ Kg8 47. h4 Nc4 48. Rf6 Kh7 49. Rf7+ Kh6 50.
Bg7+ Kh7 51. Bf6+ Kg8 52. Rg7+ Kf8 53. Rxg6 Kf7 54. Rh6 Re6+ 55. Kd5 Rxf6
56. Rxf6+ Kxf6 57. Kxc4 Kf5 58. a4 Kg4 59. a5 Kxh4 60. a6 Kg3 61. a7 h4 62.
a8=Q h3 63. Qh1 h2 64. Kb4 Kh3 65. c4 {Black resigns} 1-0

[Event "ICCopen2016"]
[Site "Internet Chess Club"]
[Date "2016.06.04"]
[Round "8"]
[White "ROWLAND"]
[Black "RobbieWilliams"]
[Result "0-1"]
[ICCResult "White forfeits on time"]
[WhiteElo "1577"]
[BlackElo "1798"]
[Opening "Alekhine's defense: Scandinavian variation"]
[ECO "B02"]
[NIC "AL.10"]
[Time "15:22:32"]
[TimeControl "180+0"]

1. e4 Nf6 2. Nc3 d5 3. e5 Ne4 4. Nxe4 dxe4 5. Bc4 Qd4 6. d3 exd3 7. cxd3
Qxe5+ 8. Be3 Bf5 9. Nf3 Qa5+ 10. Bd2 Qb6 11. Bc3 e6 12. O-O Bd6 13. Qa4+ c6
14. Rfe1 O-O 15. Nd4 Bg6 16. Rad1 Nd7 17. Nxe6 Kh8 18. Nxf8 Rxf8 19. Bb3 Qc7
20. Qh4 Nc5 21. d4 Nxb3 22. axb3 h6 23. d5 Kh7 24. dxc6 Qxc6 25. Rd2 Bc5 26.
Rde2 f6 27. Kh1 Rd8 28. f4 Rd3 29. f5 Bxf5 30. Re8 Bd4 31. Bxd4 Rd2 32. Bf2
Rxb2 33. Qf4 Bg6 34. Rf8 Rxb3 35. h4 h5 36. Rc1 Qb5 37. Rcc8 Rb1+ 38. Kh2
Bf5 39. Rh8+ Kg6 40. Qg3+ Bg4 41. Qf4 Rb4 42. Qe3 Qe5+ {White forfeits on
time} 0-1

[Event "ICCopen2016"]
[Site "Internet Chess Club"]
[Date "2016.06.04"]
[Round "8"]
[White "Parsifal"]
[Black "cstefan"]
[Result "1-0"]
[ICCResult "Black forfeits on time"]
[WhiteElo "2358"]
[BlackElo "1998"]
[Opening "Sicilian: Richter-Rauzer, Larsen variation, 7.Qd2"]
[ECO "B61"]
[NIC "SI.27"]
[Time "15:22:33"]
[TimeControl "180+0"]

1. e4 c5 2. Nf3 d6 3. d4 cxd4 4. Nxd4 Nf6 5. Nc3 Nc6 6. Bg5 Bd7 7. Qd2 a6 8.
O-O-O Qa5 9. Nb3 Qc7 10. f4 e6 11. Bxf6 gxf6 12. Kb1 b5 13. Bd3 h5 14. f5 b4
15. fxe6 fxe6 16. Ne2 Bh6 17. Nf4 a5 18. Be2 a4 19. Bxh5+ Kf8 20. Ng6+ Kg7
21. Qxd6 Qxd6 22. Rxd6 Be8 23. Nxh8 Bxh5 24. Nc5 Ne5 25. Nxe6+ Kxh8 26. Rf1
Nc4 27. Rxf6 Be3 28. Rd8+ Rxd8 29. Nxd8 a3 30. Rf8+ Kg7 31. Ne6+ Kg6 32.
Nf4+ Kg7 33. Ne6+ Kg6 34. b3 Nd2+ 35. Ka1 Bh6 36. Rf5 Bg4 37. Nf4+ Kg7 38.
Ne6+ Kg6 39. Nf8+ Kg7 40. h3 Bxf5 41. exf5 Kxf8 42. c3 Bg7 43. f6
{Black forfeits on time}
1-0